 Dungeon Crawl Stone Soup version 0.31-a0-868-g674d60d6f7 (webtiles) character file.

Game seed: 2091320757324210208

1031 avis the Nimble (level 8, -2/37 HPs)
             Began as a Felid Warper on Oct 12, 2023.
             Slain by Dowan
             ... wielding a +0 dagger
              (3 damage)
             ... on level 5 of the Dungeon.
             The game lasted 00:37:50 (4725 turns).

avis the Nimble (Felid Warper)                      Turns: 4725, Time: 00:37:51

Health: -2/37      AC:  2    Str:  9    XL:     8   Next: 3%
Magic:  12/12      EV: 25    Int: 15    God:
Gold:   150        SH:  0    Dex: 21    Spells: 3/11 levels left
                                        Lives:  0   Deaths: 3

rFire   . .          .
                       - Unarmed
rCold   . . .        (shield unavailable)
rNeg    . . .        (body armour unavailable)
rPois   .            (helmet unavailable)
rElec   .            (cloak unavailable)
rCorr   .            (gloves unavailable)
SInv    +            (boots unavailable)
Will    +....        j - amulet of the acrobat
Stlth   +            f - +6 ring of dexterity
HPRegen 0.26/turn    (no ring)
MPRegen 0.13/turn

%: acrobat
@: lit by a corona, glowing, quick
A: very small, claws 1, fangs 3, see invisible, speed 1, shaggy fur 2, stealthy
paws, no weapons or thrown items, no armour, multi-lived
a: no special abilities


You were on level 5 of the Dungeon.
You visited 2 branches of the dungeon, and saw 6 of its levels.
You also visited: Sewer.

You collected 150 gold pieces.

Inventory:

Jewellery
 f - a +6 ring of dexterity (left paw)
 j - an amulet of the acrobat (around neck)
Scrolls
 a - 3 scrolls of blinking
 b - a scroll of identify
 c - 2 scrolls of revelation {unknown}
 e - 3 scrolls of teleportation {unknown}
 i - a scroll of poison {unknown}
 k - 2 scrolls of torment {unknown}
 l - a scroll of immolation {unknown}
 p - a scroll of noise {unknown}
 q - a scroll of enchant armour {unknown}
 r - 2 scrolls of amnesia {unknown}
Potions
 d - 2 potions of cancellation
 g - a potion of might {unknown}
 h - a potion of magic {unknown}
 n - a potion of haste {unknown}


   Skills:
 - Level 5.0 Fighting
 * Level 9.3 Dodging
 - Level 4.0 Stealth
 - Level 3.0 Unarmed Combat
 - Level 2.0 Spellcasting
 - Level 5.0 Translocations
 - Level 2.0 Transmutations


You had 3 spell levels left.
You knew the following spells:

 Your Spells              Type           Power      Damage    Failure   Level
b - Blink                 Tloc           32%        N/A       4%          2
e - Wereblood             Tmut           7%         N/A       14%         2
m - Manifold Assault      Tloc           16%        N/A       28%         4

Your spell library contained the following spells:

 Spells                   Type           Power      Damage    Failure   Level
 Lesser Beckoning         Tloc           32%        N/A       4%          2
 Teleport Other           Tloc           16%        N/A       9%          3
 Necrotise                Necr           4%         1d4       22%         1
 Sublimation of Blood     Necr           1%         N/A       32%         2
 Vampiric Draining        Necr           1%         2d6       54%         3
 Vhi's Electric Charge    Tloc/Air       18%        N/A       61%         4
 Agony                    Necr           1%         N/A       99%         5
 Summon Hydra             Summ           0%         N/A       100%        7


Dungeon Overview and Level Annotations

Branches:
Dungeon (5/15)             Temple (1/1) D:5           Sewer (visited)

Altars:
Ashenzari
Fedhas
Makhleb
Nemelex Xobeh
Okawaru
Qazlal
Ru
Sif Muna
Uskayaw
Wu Jian
Xom
Yredelemnul
Zin
The Shining One

Shops:
D:4 ==(

Annotations:
D:3 Iron imps on 2 and 3
D:5 Dowan, Duvessa


Innate Abilities, Weirdness & Mutations

You have sharp claws.
You have razor-sharp teeth.
You have supernaturally acute eyesight. (SInv)
You cover ground quickly. (Speed+)
You are covered in thick fur. (AC +2)
Your paws help you pounce on unaware monsters.
You are incapable of wielding weapons or throwing items.
You cannot wear armour.
You gain extra lives every three experience levels.


Message History

HP restored.
Dowan is nearby!
Duvessa says, "My weaknesses are his strengths!"
Dowan shouts!
You scratch Duvessa but do no damage. Your bite misses Duvessa.
Dowan gestures at you while chanting. The puff of frost hits you!
Duvessa misses you.
You scratch Duvessa.
Duvessa is lightly wounded.
Duvessa closely misses you.
You scratch Duvessa. You bite Duvessa, but do no damage.
Duvessa is lightly wounded.
Dowan gestures at you while chanting.
You are outlined in light.
Duvessa says, "Where magic fails, the sword succeeds!"
Duvessa closely misses you.
You scratch Duvessa but do no damage.
Duvessa is lightly wounded.
Dowan casts a spell at Duvessa.
Duvessa seems to speed up.
Duvessa misses you.
You scratch Duvessa.
Duvessa is moderately wounded.
Duvessa closely misses you.
You closely miss Duvessa. You bite Duvessa.
Duvessa is moderately wounded.
Duvessa completely misses you.
You closely miss Duvessa.
Duvessa is moderately wounded.
Duvessa hits you with a +0 short sword. x2; Dowan hits you but does no damage.
You scratch Duvessa but do no damage.
Duvessa is moderately wounded.
Duvessa hits you with a +0 short sword! Dowan misses you.
You scratch Duvessa.
Duvessa is moderately wounded.
Duvessa hits you with a +0 short sword!
* * * LOW HITPOINT WARNING * * *
Duvessa hits you with a +0 short sword!
* * * LOW HITPOINT WARNING * * *
Dowan hits you with a +0 dagger.
You die...

###.# #~#.##.# #.#
#~#....# #.###.#.####
#...#~#....#
#.#####.##.### #.#
###......# #.#
#........#######
#.###..#............
#......@e....######
#..#####e....# # #..#
#...### ..## #..#
#...#########.... #..#
#................
#..#####.<.##########.#.
##...8.....# #.#.
###.>.##..# #.#.
##8###..##########...


You could see Duvessa (fast) and Dowan.

Vanquished Creatures
  Prince Ribbit (D:5)
  Menkaure (D:5)
  A water moccasin (D:5)
  A gnoll sergeant (D:3)
  3 scorpions
  A hound (D:5)
  An orc priest (D:5)
  A sleepcap (D:5)
  3 orc wizards
  A hell rat (Sewer)
  3 gnolls
  3 adders
  3 river rats (Sewer)
  A worm (D:4)
  4 dart slugs
  11 orcs
  10 ball pythons
  4 bats
  7 endoplasms
  2 giant cockroaches (D:1)
  4 goblins
  5 hobgoblins
  8 kobolds
  4 quokkas
  9 frilled lizards
  10 rats
102 creatures vanquished.

Notes
Turn   | Place    | Note
-------+----------+-------------------------------------------
     0 | D:1      | avis the Felid Warper began the quest for the Orb.
     0 | D:1      | Reached XP level 1. HP: 9/9 MP: 4/4
    41 | D:1      | Reached skill level 1 in Stealth
   223 | D:1      | Reached skill level 4 in Dodging
   223 | D:1      | Reached XP level 2. HP: 11/13 MP: 6/6
   678 | D:1      | Reached XP level 3. HP: 16/16 MP: 7/7
   710 | D:2      | Found a basalt altar of Yredelemnul.
   873 | D:2      | Reached skill level 5 in Dodging
  1327 | D:2      | Learned a level 2 spell: Blink
  1330 | D:2      | Learned a level 2 spell: Wereblood
  1563 | D:3      | Reached XP level 4. HP: 19/19 MP: 8/8
  1778 | D:3      | Found a burning altar of Makhleb.
  1890 | D:3      | Reached skill level 6 in Dodging
  2253 | D:4      | Noticed a gnoll sergeant
  2279 | D:3      | Killed a gnoll sergeant
  2280 | D:3      | Reached skill level 1 in Transmutations
  2280 | D:3      | Reached XP level 5. HP: 14/24 MP: 6/9
  2349 | D:4      | Found Nyugia's Jewellery Shoppe.
  2364 | D:4      | Found Siroosoggaob's Jewellery Shoppe.
  2750 | D:4      | Found Koaq Oni's Antique Weapon Shoppe.
  3115 | D:4      | Reached skill level 7 in Dodging
  3115 | D:4      | Gained mutation: You are covered in thick fur. (AC +2)
                  | [Felid growth]
  3115 | D:4      | Reached XP level 6. HP: 23/28 MP: 10/10
  3195 | D:5      | Entered Level 5 of the Dungeon
  3195 | D:5      | Noticed Duvessa
  3195 | D:5      | Noticed Dowan
  3261 | D:5      | Found a staircase to the Ecumenical Temple.
  3267 | Temple   | Entered the Ecumenical Temple
  3345 | D:5      | Found a glowing drain.
  3363 | Sewer    | Entered a sewer
  3605 | D:5      | Reached skill level 8 in Dodging
  3728 | D:5      | Noticed Menkaure
  3782 | D:5      | Found an iron altar of Okawaru.
  3824 | D:5      | Killed from afar by an orc priest
  3836 | D:5      | Noticed a water moccasin
  3841 | D:5      | Found a sacrificial altar of Ru.
  3842 | D:5      | Found a sparkling altar of Nemelex Xobeh.
  4048 | D:5      | Killed a water moccasin
  4049 | D:5      | Reached skill level 9 in Dodging
  4049 | D:5      | Reached XP level 7. HP: 27/31 MP: 11/11
  4175 | D:5      | Identified the +10 sling "Momnul" {freeze, Stlth+}
  4220 | D:5      | HP: 1/31 [Menkaure/nerve-wracking pain (9)]
  4230 | D:5      | Mangled by Menkaure
  4257 | D:5      | Killed Menkaure
  4329 | D:5      | Learned a level 4 spell: Manifold Assault
  4329 | D:5      | Noticed Prince Ribbit
  4336 | D:5      | Slain by Prince Ribbit
  4442 | D:5      | Killed Prince Ribbit
  4443 | D:5      | Reached skill level 5 in Translocations
  4443 | D:5      | Reached skill level 5 in Fighting
  4630 | D:5      | Reached XP level 8. HP: 34/37 MP: 12/12
  4725 | D:5      | HP: 1/37 [Duvessa/+0 short sword (8)]
  4725 | D:5      | Slain by Dowan

Illustrated notes

Levels and vault maps discovered:
D:1:      dpeg_arrival_pits, layout_rooms
D:2:      layout_rooms, basic_altar, minmay_lizard_king
D:3:      layout_rooms, demons_altar, palyth_stone_intersect, skrybe_limestone_x
D:4:      minmay_diamond_boxcup, layout_basic, serial_shops, shop_fountains,
          shop, shop
D:5:      cheibrodos_quashed, layout_loops_ring,
          mainiacjoe_overflow_small_starburst, nicolae_overflow_squiral,
          temple_statues, portal_sewer_entry_d, uniq_duvessa, uniq_menkaure,
          uniq_prince_ribbit1
Temple:   compressed_dpeg_circular_temple

Skill      XL: |  1  2  3  4  5  6  7 |
---------------+----------------------+-----
Stealth        | 1 2 3 4 |  4.0
Dodging        | 4 5 6 7 9 |  9.3
Transmutations | 1 2 |  2.0
Fighting       | 3 5 |  5.0
Unarmed Combat | 3 |  3.0
Translocations | 5 |  5.0
Spellcasting   | |  2.0

Action                     |  1- 3 |  4- 6 |  7- 9 || total
---------------------------+-------+-------+-------++-------
  Melee: Unarmed           |   146 |   288 |   106 ||   540
         Bite              |    12 |    51 |    15 ||    78
         Punch             |     3 |     9 |     2 ||    14
   Cast: Blink             |       |     1 |       ||     1
    Use: Scroll            |     2 |     2 |       ||     4
         Potion            |       |     8 |     3 ||    11
   Stab: Sleeping          |     8 |     1 |       ||     9
         Distracted        |       |       |     1 ||     1
 Armour: Skin              |    26 |    64 |    25 ||   115
  Dodge: Dodged            |    98 |   289 |    88 ||   475

Table legend: (Time is in decaauts)
 A = Elapsed time spent in this place.
 B = Non-inter-level travel time spent in this place.
 C = Inter-level travel time spent in this place.
 D = Time resting spent in this place.
 E = Time spent auto-exploring this place.
 F = Levels seen in this place.
 G = Mean time per level.
                   A        B        C        D        E       F      G
               +--------+--------+--------+--------+--------+-----+--------+
         Total |   4135 |   3865 |    270 |    969 |   1229 |   7 |  590.7 |
       Dungeon |   3929 |   3659 |    270 |    877 |   1216 |   5 |  785.8 |
        Temple |      1 |      1 |      0 |      0 |      0 |   1 |    1.0 |
         Sewer |    204 |    204 |      0 |     92 |     13 |   1 |  204.0 |
               +--------+--------+--------+--------+--------+-----+--------+

Top non-repeatable levels by time:
     D:5: 1129 daAuts
     D:4: 786 daAuts
     D:3: 753 daAuts
     D:1: 641 daAuts
     D:2: 618 daAuts
   Sewer: 204 daAuts
  Temple: 1 daAuts
